 Dungeon Crawl Stone Soup version 0.17-a0-1642-gd4b747b (webtiles) character file.

136 thrall606 the Conjurer (level 4, -2/30 HPs)
             Began as a Demonspawn Conjurer on Aug 8, 2015.
             Killed by divine providence
             ... invoked by an orc priest
              (8 damage)
             ... on level 3 of the Dungeon.
             The game lasted 00:10:50 (2545 turns).

thrall606 the Conjurer (Demonspawn Conjurer)        Turns: 2545, Time: 00:10:50

Health: -2/30      AC:  5    Str:  8    XL:     4   Next: 98%
Magic:  1/8        EV: 13    Int: 17    God:
Gold:   91         SH:  0    Dex: 14    Spells: 2 memorised, 5 levels left

rFire  . . .     SeeInvis +     j - +0 spear (curse)
rCold  . . .     Clarity  .     a - +0 robe
rNeg   . . .     SustAt   .     (no shield)
rPois  .         Gourm    .     (no helmet)
rElec  .         Spirit   .     (no cloak)
rCorr  .         Warding  .     (no gloves)
rMut   .         Stasis   .     d - +2 pair of boots
MR     .....                    (no amulet)
Stlth  +++.......               o - ring of see invisible
                                k - ring of stealth

@: not resistant to hostile enchantments, fairly stealthy
A: high mp 1, spiny 1
a: no special abilities


You were on level 3 of the Dungeon.
You were not hungry.

You visited 1 branch of the dungeon, and saw 3 of its levels.

You collected 91 gold pieces.

Inventory:

Hand weapons
 h - a +0 club
 i - a +1 hand axe
 j - a cursed +0 spear (weapon)
 m - a +0 long sword
 u - a +0 war axe
Armour
 a - a +0 robe (worn)
 d - a +2 pair of boots (worn)
 f - a +0 robe
 w - a +0 robe
Magical staves
 x - an uncursed staff of death
Jewellery
 k - a ring of stealth (left hand)
 o - a ring of see invisible (right hand)
Magical devices
 r - a wand of frost (14)
Scrolls
 g - a scroll of fog {unknown}
 q - a scroll of teleportation
 s - a scroll of magic mapping {unknown}
 t - a scroll of amnesia
 v - 2 scrolls of identify
 y - a scroll of enchant weapon
Potions
 e - a potion of resistance
 l - a potion of flight
 n - a potion of agility
Books
 b - a book of Conjurations

   Spells                             Type                      Level
   a - Magic Dart                     Conjuration                  1
   b - Searing Ray                    Conjuration                  2
   c - Dazzling Spray                 Conjuration/Hexes            3
   d - Fulminant Prism                Conjuration/Hexes            4
   e - Iskenderun's Mystic Blast      Conjuration                  4
   f - Iskenderun's Battlesphere      Conjuration/Charms           5
Comestibles
 c - 2 bread rations
 p - 9 chunks of flesh


   Skills:
 + Level 2.4 Dodging
 + Level 2.1 Stealth
 + Level 2.7 Spellcasting
 + Level 5.4 Conjurations


You had 5 spell levels left.
You knew the following spells:

 Your Spells              Type           Power        Failure   Level  Hunger
a - Magic Dart            Conj           ###.         1%          1    #......
b - Searing Ray           Conj           ###...       2%          2    ##.....


Dungeon Overview and Level Annotations

Branches:
Dungeon (3/15)

Altars:


Innate Abilities, Weirdness & Mutations

You are partially covered in sharp spines.
You have an increased reservoir of magic (+10% MP).


Message History

The orc priest invokes the aid of Beogh against you.
You barely resist.
The orc priest looks braver for a moment.
The orc priest casts a cantrip, but nothing happens.
Casting: Searing Ray
Confirm with . or Enter, or press ? or * to list all spells.
You can't see any susceptible monsters within range! (Use Z to cast anyway.)
Casting: Searing Ray
Confirm with . or Enter, or press ? or * to list all spells.
Aiming: Searing Ray
Press: ? - help, Shift-Dir - straight line, f - orc priest
Aim: an orc priest, wielding a dagger The searing ray hits the orc priest.
The orc priest is moderately wounded.
The orc priest calls down the wrath of Beogh upon you.
Pain shoots through your body!
* * * LOW HITPOINT WARNING * * *
The orc priest calls down the wrath of Beogh upon you.
Something smites you!
You die...

###............)##
#....#####.[..# .
##.#...###...### ..
#...#..[#...%.####..
##..##..[...<.......
##o#.)##.#.<.....#.
#.#.###.######....
#####...###.# ...
#....@...##.# ..
#......>.##.# .
#........##.#
#..).....##.#
#........##.#
#...........#
##########..# ...#
..#


You could see an orc priest.

Vanquished Creatures
  An orc priest (D:3)
  An orc wizard (D:3)
  3 adders
  3 giant geckos
  6 orcs (D:3)
  2 bats (D:1)
  7 goblins
  3 hobgoblins
  7 jackals (D:3)
  3 kobolds
  5 giant newts
  A jackal skeleton (D:3)
  2 rats (D:1)
44 creatures vanquished.

Notes
Turn   | Place    | Note
--------------------------------------------------------------
     0 | D:1      | thrall606 the Demonspawn Conjurer began the quest for the Orb.
     0 | D:1      | Reached XP level 1. HP: 13/13 MP: 3/3
   356 | D:1      | Gained mutation: You have an increased reservoir of magic (+10% MP). [potion of beneficial mutation]
   464 | D:1      | Gained mutation: You are partially covered in sharp spines. [demonic ancestry]
   464 | D:1      | Reached XP level 2. HP: 19/19 MP: 1/5
   542 | D:1      | Learned a level 2 spell: Searing Ray
  1561 | D:2      | Reached XP level 3. HP: 24/24 MP: 1/6
  1682 | D:2      | Reached skill level 5 in Conjurations
  2315 | D:3      | Reached XP level 4. HP: 22/30 MP: 0/8
  2545 | D:3      | Killed from afar by an orc priest

Vault maps used:
D:1:      lightli_arrival_farm, minmay_misc_feat_ornament

Action                   |  1- 3 |  4- 6 || total
-------------------------+-------+-------++-------
Melee: Unarmed           |     4 |       ||     4
       Spear             |    13 |    13 ||    26
 Cast: Magic Dart        |    35 |     2 ||    37
       Searing Ray       |    10 |    11 ||    21
  Use: Scroll            |    10 |       ||    10
       Potion            |     3 |       ||     3
  Eat: Bread ration      |     2 |       ||     2
